 Dungeon Crawl Stone Soup version 0.31.0-4-g52a2dc7128 (webtiles) character file.

Game seed: 11288361699274238085

143 ssalbiz the Magician (level 5, -1/28 HPs)
             Began as a Deep Elf Hedge Wizard on Jan 22, 2024.
             Killed from afar by an orc wizard (8 damage)
             ... with a magic dart
             ... on level 3 of the Dungeon.
             The game lasted 00:06:55 (3924 turns).

ssalbiz the Magician (Deep Elf Hedge Wizard)        Turns: 3924, Time: 00:06:56

Health: -1/28      AC:  3    Str:  7    XL:     5   Next: 4%
Magic:  14/15      EV: 12    Int: 21    God:
Gold:   116        SH:  0    Dex: 14    Spells: 10/16 levels left

rFire   . . .        a - +0 dagger
rCold   . . .        (no shield)
rNeg    . . .        b - +0 robe
rPois   .            c - +0 hat
rElec   .            (no cloak)
rCorr   .            p - +0 pair of gloves
SInv    .            (no boots)
Will    .....        (no amulet)
Stlth   ++           (no ring)
HPRegen 0.24/turn    (no ring)
MPRegen 0.14/turn

%: no passive effects
@: no status effects
A: no striking features
a: no special abilities


You were on level 3 of the Dungeon.
You visited 1 branch of the dungeon, and saw 3 of its levels.

You collected 116 gold pieces.

Inventory:

Hand Weapons
 a - a +0 dagger (weapon)
Armour
 b - a +0 robe (worn)
 c - a +0 hat (worn)
 p - a +0 pair of gloves (worn)
Jewellery
 l - a ring of willpower
 m - a +6 ring of intelligence
Scrolls
 e - a scroll of blinking {unknown}
 f - 2 scrolls of amnesia {unknown}
 g - a scroll of fear {unknown}
 h - 3 scrolls of identify {unknown}
 k - a scroll of revelation {unknown}
 n - a scroll of enchant armour {unknown}
 o - a scroll of teleportation {unknown}
Potions
 d - a potion of magic
 i - a potion of attraction {unknown}
 j - 3 potions of curing {unknown}


   Skills:
 - Level 2.4 Dodging
 - Level 2.4 Stealth
 + Level 6.0 Spellcasting
 + Level 3.4 Conjurations
 - Level 1.1 Summonings
 - Level 1.1 Translocations
 + Level 1.1 Air Magic
 + Level 1.3 Alchemy


You had 10 spell levels left.
You knew the following spells:

 Your Spells              Type           Power      Damage    Failure   Level
a - Magic Dart            Conj           80%        1d7       2%          1
b - Mephitic Cloud        Conj/Alch/Air  14%        N/A       13%         3
c - Blink                 Tloc           20%        N/A       10%         2

Your spell library contained the following spells:

 Spells                   Type           Power      Damage    Failure   Level
 Slow                     Hex            24%        N/A       10%         1
 Call Imp                 Summ           20%        N/A       10%         2
 Cigotuvi's Dreadful Rot  Necr/Alch/Air  18%        N/A       11%         2


Dungeon Overview and Level Annotations

Branches:
Dungeon (3/15)

Altars:
Elyvilon
Qazlal
Zin

Annotations:
D:3 Grinder


Message History

The orc wizard is heavily wounded.
The orc wizard points at you and mumbles some strange words.
You are confused.
You're too confused to cast spells.
Unknown command.
Unknown command.
The orc wizard misses you.
You hit the orc wizard.
The orc wizard is severely wounded.
The orc wizard points at you and mumbles some strange words.
The puff of flame hits you.
The orc wizard hits you with a +0 dagger.
You bump into the rock wall.
The orc wizard hits you but does no damage.
You bump into the rock wall.
The orc wizard hits you but does no damage.
You're too confused to move!
The orc wizard gestures at you while chanting.
You are more confused.
You bump into the rock wall.
The orc wizard hits you with a +0 dagger.
You barely miss the orc wizard.
The orc wizard is severely wounded.
The orc wizard hits you with a +0 dagger.
You bump into the rock wall.
The orc wizard hits you with a +0 dagger.
You bump into the rock wall.
The orc wizard hits you with a +0 dagger.
You bump into the rock wall.
The orc wizard points at you and mumbles some strange words.
The puff of flame hits you!
* * * LOW HITPOINT WARNING * * *
You bump into the rock wall.
You feel less confused.
The orc wizard hits you but does no damage.
You closely miss the orc wizard.
The orc wizard is severely wounded.
The orc wizard points at you and mumbles some strange words.
The magic dart hits you!
You die...

.. #.......<# ..
..# #.##..)o...[#
[l ..##
#.##....8...# ..
....#.####.....##
..
......###...[.#
.. #.
#....###).## ..
#.##.##.......#
..
#..#.##.......#
.. #<.@##.......#
..
####.o###.......#
..
#...............#
..
#...............#
#........########
#........#
#........#
#........#
##########


You could see an orc wizard.

Vanquished Creatures
  4 adders (D:2)
  An adder skeleton (D:3)
  An adder zombie (D:3)
  3 dart slugs (D:2)
  2 ribbon worms (D:2)
  8 orcs
  9 ball pythons
  5 bats
  11 endoplasms
  4 giant cockroaches
  A hobgoblin (D:1)
  4 kobolds
  6 quokkas
  4 frilled lizards
  6 goblins
  A jackal zombie (D:3)
  A quokka skeleton (D:3)
  9 rats
80 creatures vanquished.

Notes
Turn   | Place    | Note
-------+----------+-------------------------------------------
     0 | D:1      | ssalbiz the Deep Elf Hedge Wizard began the quest for the
                  | Orb.
     0 | D:1      | Reached XP level 1. HP: 10/10 MP: 7/7
   168 | D:1      | Reached XP level 2. HP: 15/15 MP: 3/9
   605 | D:1      | Reached skill level 5 in Spellcasting
  1056 | D:1      | Reached XP level 3. HP: 19/19 MP: 5/11
  1689 | D:2      | Learned a level 3 spell: Mephitic Cloud
  1815 | D:2      | Reached XP level 4. HP: 19/24 MP: 3/13
  2004 | D:2      | Learned a level 2 spell: Blink
  2699 | D:2      | Found a glowing silver altar of Zin.
  2816 | D:2      | Reached skill level 1 in Alchemy
  3333 | D:3      | Reached skill level 1 in Air Magic
  3441 | D:3      | Reached skill level 6 in Spellcasting
  3693 | D:3      | Noticed Grinder
  3693 | D:3      | Found a stormy altar of Qazlal.
  3693 | D:3      | Found a white marble altar of Elyvilon.
  3728 | D:3      | Reached XP level 5. HP: 25/28 MP: 4/15
  3924 | D:3      | Killed from afar by an orc wizard

Illustrated notes

Levels and vault maps discovered:
D:1:      nzn_arrival_crosshair, layout_basic, serial_aquarium,
          aquarium_bridge_square [aquarium_subvault_window,
          aquarium_subvault_bridge, aquarium_subvault_bridge,
          aquarium_subvault_wall], aquarium_bridge_island_small
          [aquarium_subvault_small_open, aquarium_subvault_wall,
          aquarium_subvault_bridge, aquarium_subvault_window,
          aquarium_subvault_bridge], aquarium_window_1, aquarium_window_corner,
          aquarium_view_2b
D:2:      layout_basic, basic_altar, minmay_pentomino_pile
D:3:      layout_rooms, grunt_temple_overflow_open, serial_undead,
          serial_undead_e, serial_undead_f, serial_undead_f, serial_undead_d,
          minmay_circle_x, uniq_ijyb, uniq_grinder

Skill      XL: |  1  2  3  4 |
---------------+-------------+-----
Conjurations   | 2 3 |  3.4
Spellcasting   | 5 6 |  6.0
Alchemy        | 1 |  1.3
Air Magic      | 1 |  1.1
Dodging        | |  2.4
Stealth        | |  2.4
Summonings     | |  1.1
Translocations | |  1.1

Action                     |  1- 3 |  4- 6 || total
---------------------------+-------+-------++-------
  Melee: Dagger            |    10 |    27 ||    37
   Cast: Magic Dart        |   107 |   108 ||   215
   Stab: Sleeping          |     1 |     2 ||     3
 Armour: Robe              |     8 |    39 ||    47
  Dodge: Dodged            |    10 |    45 ||    55
